 Dungeon Crawl Stone Soup version 0.27-a0-1202-ge72e49191c (webtiles) character file.

Game seed: 3717214066946018521

1208 Morbidden the Slasher (level 8, -4/67 HPs)
             Began as a Demigod Fighter on June 4, 2021.
             Slain by an ice beast (6 damage)
             ... on level 4 of the Dungeon.
             The game lasted 00:07:56 (5615 turns).

Morbidden the Slasher (Demigod Fighter)             Turns: 5615, Time: 00:07:57

Health: -4/67      AC:  9    Str: 25 (27) XL:     8   Next: 1%
Magic:  24/24      EV:  9    Int:  9 (10) God:
Gold:   182        SH:  9    Dex: 10 (13) Spells: 9/12 levels left

rFire    . . .     SeeInvis .   a - +0 long sword
rCold    + . .     Faith    .   c - +0 kite shield
rNeg     . . .     Spirit   .   b - +3 ring mail
rPois    .         Reflect  .   (helmet restricted)
rElec    .         Harm     .   h - scarf {repulsion}
rCorr    .         Rampage  .   k - +0 pair of gloves
Will     .....                  (no boots)
Stlth    +.........             v - amulet of magic regeneration
HPRegen  0.21/turn              e - ring of protection from cold
MPRegen  0.44/turn              w - ring of magical power

@: mighty, repel missiles
A: high mp 1, forlorn, beak, strong 1
a: no special abilities


You were on level 4 of the Dungeon.
You visited 1 branch of the dungeon, and saw 5 of its levels.

You collected 182 gold pieces.

Inventory:

Hand Weapons
 a - a +0 long sword (weapon)
 g - a +0 hand crossbow
Missiles
 t - 40 bolts
Armour
 b - a +3 ring mail (worn)
 c - a +0 kite shield (worn)
 f - a +0 plate armour
 h - a scarf of repulsion (worn)
 k - a +0 pair of gloves (worn)
Jewellery
 e - a ring of protection from cold (left hand)
 v - an amulet of magic regeneration (around neck)
 w - a ring of magical power (right hand)
Wands
 u - a wand of iceblast (3)
Scrolls
 d - a scroll of fear {unknown}
 i - a scroll of blinking {unknown}
 j - a scroll of noise {unknown}
 l - a scroll of enchant weapon {unknown}
 m - 3 scrolls of identify {unknown}
 o - a scroll of magic mapping {unknown}
 p - a scroll of immolation {unknown}
 s - a scroll of vulnerability {unknown}
Potions
 q - a potion of degeneration
 x - a potion of attraction
 z - a potion of curing


   Skills:
 * Level 4.4 Fighting
 * Level 5.2 Long Blades
 + Level 3.6 Armour
 * Level 2.7 Dodging
 + Level 0.2 Stealth
 + Level 3.7 Shields
 * Level 2.9 Spellcasting
 * Level 2.3 Necromancy


You had 9 spell levels left.
You knew the following spells:

 Your Spells              Type           Power      Damage    Failure   Level
a - Vampiric Draining     Necr           2%         2d6       92%         3

Your spell library contained the following spells:

 Spells                   Type           Power      Damage    Failure   Level
 Animate Skeleton         Necr           10%        N/A       58%         1
 Pain                     Necr           20%        1d5       58%         1
 Apportation              Tloc           2%         N/A       89%         1
 Beastly Appendage        Tmut           2%         N/A       89%         1
 Corona                   Hex            1%         N/A       89%         1
 Summon Small Mammal      Summ           4%         N/A       89%         1
 Wereblood                Tmut           1%         N/A       96%         2
 Spider Form              Tmut/Pois      0%         N/A       99%         3
 Animate Dead             Necr           2%         N/A       100%        4
 Ice Form                 Ice/Tmut       1%         N/A       100%        4
 Agony                    Necr           5%         N/A       100%        5
 Hydra Form               Tmut           0%         N/A       100%        5


Dungeon Overview and Level Annotations

Branches:
Dungeon (5/15)
 Temple: D:4-7


Innate Abilities, Weirdness & Mutations

Your attributes grow dramatically as you level up.
You have an increased reservoir of magic. (+10% MP)
You shall have no god before yourself.
You have a beak for a mouth.
Your muscles are strong. (Str +2)


Message History

Unknown command.
You hit the komodo dragon.
The komodo dragon is moderately wounded.
The komodo dragon bites you!!
Unknown command.
You barely miss the komodo dragon.
You peck the komodo dragon, but do no damage.
The komodo dragon is moderately wounded.
The komodo dragon bites you!!
* * * LOW HITPOINT WARNING * * *
You block the komodo dragon's attack.
Unknown command.
You slash the komodo dragon! You peck the komodo dragon!
The komodo dragon is almost dead.
The komodo dragon closely misses you.
You riposte.
You slice the komodo dragon!!
You kill the komodo dragon!
You feel your strength returning.
Your Long Blades skill increases to level 5!
You have reached level 8!
You closely miss the ice beast. Your peck misses the ice beast.
You block the ice beast's attack.
Unknown command.
You closely miss the ice beast.
The ice beast hits you but does no damage. x2
Unknown command.
Unknown command.
You slash the ice beast!
The ice beast is severely wounded.
You block the ice beast's attack.
You barely miss the ice beast. Your peck misses the ice beast.
The ice beast is severely wounded.
The ice beast barely misses you. You block the ice beast's attack.
Unknown command.
You slash the ice beast!
The ice beast is almost dead.
The ice beast hits you.
* * * LOW HITPOINT WARNING * * *
The ice beast freezes you. You resist.
You die...

#.....##.......##..#.....##...
#....###.......###........)...
##....# ####.#.## ###.....##...
#.....# #..#.#####...#...#...
###'##### #.##.................
.......# ##.#..####.##.......##
.#...#.#
###......#...##.......##
.......#
#...###....####.........
...>...# ##### #@#.##
#....)..## .......#
#Y#.#####..####### .#...#.#
#.#.......## ###.. .......#
######....###### #...# ###(####
#.......#.# ###.###
#.#######......##.#######...###
#......Y.......##..............
#####################..........
#.........#


You could see an ice beast.

Vanquished Creatures
  A komodo dragon (D:4)
  Menkaure (D:5)
  An orc warrior (D:4)
  A sky beast (D:5)
  An ogre (D:5)
  A phantom (D:4)
  2 scorpions (D:4)
  A howler monkey (D:4)
  An orc priest (D:3)
  A centaur skeleton (D:4)
  An iguana (D:3)
  3 orc wizards
  5 gnolls
  5 adders
  A white imp (D:3)
  A worm (D:3)
  5 dart slugs
  8 orcs
  4 endoplasms
  4 giant cockroaches
  4 hobgoblins
  7 jackals
  7 kobolds
  4 quokkas
  2 ball pythons
  6 bats
  2 frilled lizards
  6 goblins
  A goblin skeleton (D:3)
  3 goblin zombies (D:3)
  2 hobgoblin zombies (D:3)
  A kobold skeleton (D:3)
  An orc zombie (D:3)
  3 rats
97 creatures vanquished.

Vanquished Creatures (others)
  A hobgoblin (D:4)
  7 plants (D:4)
  4 toadstools (D:1)
12 creatures vanquished.

Grand Total: 109 creatures vanquished

Notes
Turn   | Place    | Note
-------+----------+-------------------------------------------
     0 | D:1      | Morbidden the Demigod Fighter began the quest for the Orb.
     0 | D:1      | Reached XP level 1. HP: 18/18 MP: 3/3
   232 | D:1      | Reached skill level 2 in Long Blades
   574 | D:1      | Reached XP level 2. HP: 25/25 MP: 4/4
  1339 | D:2      | Reached XP level 3. HP: 27/30 MP: 6/6
  2131 | D:3      | Reached skill level 1 in Spellcasting
  2131 | D:3      | Gained mutation: You are clumsy. (Dex -2) [potion of
                  | mutation]
  2131 | D:3      | Gained mutation: Your spells are a little harder to cast,
                  | but a little more powerful. [potion of mutation]
  2131 | D:3      | Gained mutation: Your muscles are strong. (Str +2) [potion
                  | of mutation]
  2748 | D:3      | Learned a level 3 spell: Vampiric Draining
  2794 | D:3      | Reached skill level 3 in Long Blades
  2794 | D:3      | Reached XP level 4. HP: 24/38 MP: 8/8
  2977 | D:3      | Lost mutation: You are clumsy. (Dex -2) [potion of
                  | mutation]
  2977 | D:3      | Lost mutation: Your spells are a little harder to cast, but
                  | a little more powerful. [potion of mutation]
  2977 | D:3      | Gained mutation: You have a beak for a mouth. [potion of
                  | mutation]
  3069 | D:3      | Reached XP level 5. HP: 21/45 MP: 9/9
  3486 | D:4      | Reached skill level 1 in Dodging
  3850 | D:4      | Noticed an orc warrior
  3937 | D:4      | Killed an orc warrior
  3938 | D:4      | Reached skill level 1 in Necromancy
  3938 | D:4      | Reached XP level 6. HP: 16/51 MP: 11/11
  3939 | D:4      | Reached skill level 4 in Long Blades
  5157 | D:5      | Entered Level 5 of the Dungeon
  5166 | D:5      | Reached XP level 7. HP: 51/59 MP: 13/13
  5227 | D:5      | Noticed Menkaure
  5247 | D:5      | Killed Menkaure
  5362 | D:5      | Noticed a komodo dragon
  5609 | D:4      | HP: 2/60 [komodo dragon (27)]
  5610 | D:4      | Killed a komodo dragon
  5611 | D:4      | Reached skill level 5 in Long Blades
  5611 | D:4      | Reached XP level 8. HP: 2/67 MP: 15/15
  5615 | D:4      | HP: 2/67 [ice beast (2)]
  5615 | D:4      | Slain by an ice beast

Illustrated notes

Levels and vault maps discovered:
D:1:      ldierk_water_garden, layout_basic
D:2:      layout_basic, chequers_ecumenical_altar_lobes
D:3:      layout_rooms, nicolae_tso_besieged_by_evil
D:4:      layout_rooms, lemuel_doored_altar, serial_bayou_pond_c,
          kennysheep_small_square
D:5:      layout_rooms, temple_fountains, uniq_menkaure

Skill      XL: |  1  2  3  4  5  6  7 |
---------------+----------------------+-----
Long Blades    | 2 3 4 5 |  5.2
Fighting       | 3 4 |  4.4
Spellcasting   | 1 2 |  2.9
Shields        | 3 |  3.7
Dodging        | 1 2 |  2.7
Armour         | 3 |  3.6
Necromancy     | 1 2 |  2.3
Stealth        | |  0.2

Action                   |  1- 3 |  4- 6 |  7- 9 || total
-------------------------+-------+-------+-------++-------
Melee: Long sword        |   159 |   129 |    29 ||   317
       Peck              |       |    33 |    10 ||    43
Evoke: Wand              |       |       |     1 ||     1
  Use: Potion            |     1 |     3 |     6 ||    10
Armor: Plate armour      |    16 |       |       ||    16
       Scale mail        |     3 |       |       ||     3
       Ring mail         |    86 |    54 |    21 ||   161
       Skin              |       |    10 |       ||    10
Dodge: Dodged            |    49 |    54 |    16 ||   119
       Repelled          |     1 |     2 |       ||     3
Block: Kite shield       |   100 |    83 |    22 ||   205
       Rpst.: Long sword |    16 |    13 |     4 ||    33

Table legend: (Time is in decaauts)
 A = Elapsed time spent in this place.
 B = Non-inter-level travel time spent in this place.
 C = Inter-level travel time spent in this place.
 D = Time resting spent in this place.
 E = Time spent auto-exploring this place.
 F = Levels seen in this place.
 G = Mean time per level.
                   A        B        C        D        E       F      G
               +--------+--------+--------+--------+--------+-----+--------+
         Total |   5783 |   5612 |    171 |   1156 |   3296 |   5 | 1156.6 |
       Dungeon |   5783 |   5612 |    171 |   1156 |   3296 |   5 | 1156.6 |
               +--------+--------+--------+--------+--------+-----+--------+

Top non-repeatable levels by time:
     D:4: 1930 daAuts
     D:2: 1482 daAuts
     D:3: 1238 daAuts
     D:1: 890 daAuts
     D:5: 241 daAuts
